 Dungeon Crawl Stone Soup version 0.21.0-24-g2553a33 (webtiles) character file.

110 Monsterracer the Changer (level 4, 0/26 HPs)
             Began as a Deep Elf Transmuter on Jan 19, 2018.
             Slain by a rat (2 damage)
             ... in a sewer.
             The game lasted 00:05:02 (3732 turns).

Monsterracer the Changer (Deep Elf Transmuter)      Turns: 3732, Time: 00:05:03

Health: 0/26       AC:  3    Str:  7    XL:     4   Next: 61%
Magic:  11/11      EV: 17    Int: 19    God:
Gold:   121        SH:  0    Dex: 15    Spells: 6/9 levels left

rFire    . . .     SeeInvis .   o - +4 short sword
rCold    . . .     Gourm    +   (no shield)
rNeg     . . .     Faith    .   b - +0 robe
rPois    .         Spirit   .   d - +0 helmet
rElec    .         Reflect  .   (no cloak)
rCorr    .         Harm     .   (no gloves)
MR       .....                  (no boots)
Stlth    +.........             f - amulet of the gourmand
HPRegen  0.08/turn              j - +4 ring of evasion
MPRegen  0.12/turn              (no ring)

@: no status effects
A: no striking features
a: no special abilities


You were in a sewer.
You were not hungry.

You visited 1 branch of the dungeon, and saw 3 of its levels.
You also visited: Sewer.

You collected 121 gold pieces.

Inventory:

Hand Weapons
 o - a +4 short sword (weapon)
Missiles
 a - 58 arrows
Armour
 b - a +0 robe (worn)
 d - a +0 helmet (worn)
 h - a +1 leather armour of positive energy
Jewellery
 f - an amulet of the gourmand (around neck)
 j - a +4 ring of evasion (left hand)
Scrolls
 g - 2 scrolls of remove curse
 m - a scroll of identify
Potions
 e - a potion of curing
 i - a potion of agility
Comestibles
 c - 4 rations


   Skills:
 + Level 2.0 Fighting
 * Level 1.6 Short Blades
 + Level 2.7 Dodging
 - Level 2.4 Unarmed Combat
 - Level 3.3 Spellcasting
 + Level 3.7 Transmutations


You had 6 spell levels left.
You knew the following spells:

 Your Spells              Type           Power        Failure   Level  Hunger
a - Beastly Appendage     Tmut           ###...       3%          1    None
b - Sticks to Snakes      Tmut           ###.....     4%          2    ##.....


Dungeon Overview and Level Annotations

Branches:
Dungeon (3/15)

Altars:
Trog
Wu Jian
Xom


Message History

You kill the rat!
A rat comes into view.
You enter the shallow water.
Moving in this stuff is going to be slow.
A rat comes into view.
The rat moves out of view.
The rat completely misses you. The ball python closely misses you.
The ball python grabs you. The ball python constricts you.
You see here an adder corpse.
You take 1 damage, and have 23/26 hp.
You hit the ball python but do no damage.
The ball python closely misses you. The ball python constricts you.
The rat splashes around in the water.
Your unstable footing causes you to fumble your attack.
The ball python barely misses you. The ball python constricts you.
The rat barely misses you.
You take 1 damage, and have 22/26 hp.
Your unstable footing causes you to fumble your attack.
The ball python closely misses you. The ball python constricts you.
The ball python barely misses you. The river rat closely misses you.
The rat splashes around in the water.
The ball python misses you. The ball python constricts you.
You take 1 damage, and have 21/26 hp.
You escape the ball python's grasp.
The ball python barely misses you. The ball python grabs you.
The ball python constricts you.
The ball python's grasp on you weakens, but your attempt to escape fails.
The ball python barely misses you. The ball python constricts you.
The ball python misses you. The river rat bites you.
The ball python closely misses you. The ball python constricts you.
The ball python barely misses you.
You take 3 damage, and have 18/26 hp.
You are too injured to fight recklessly!
You are too injured to fight recklessly!
You escape the ball python's grasp.
The rat misses you.
The rat twitches its whiskers.
You closely miss the river rat. The rat bites you but does no damage.
The ball python closely misses you. The ball python grabs you.
The ball python constricts you. The river rat barely misses you.
The rat twitches its whiskers.
You escape the ball python's grasp.
The ball python misses you. The ball python grabs you.
The ball python constricts you.
You escape the ball python's grasp.
There is an empty arch of ancient stone here.
You closely miss the ball python. The ball python barely misses you.
The ball python grabs you. The ball python constricts you.
You hit the ball python.
You kill the ball python!
You hit the ball python but do no damage.
The ball python bites you but does no damage.
The ball python closely misses you. The ball python barely misses you.
The ball python closely misses you.
You hit the ball python.
You kill the ball python!
You hit the rat.
You kill the rat!
You hit the river rat but do no damage. The river rat bites you!
* * * LOW HITPOINT WARNING * * *
You take 8 damage, and have 10/26 hp.
MASSIVE DAMAGE!!
You closely miss the river rat. The river rat bites you.
* * * LOW HITPOINT WARNING * * *
You take 4 damage, and have 6/26 hp.
You hit the river rat.
The river rat is moderately wounded.
The river rat misses you.
You barely miss the river rat.
The river rat is moderately wounded.
The river rat bites you.
* * * LOW HITPOINT WARNING * * *
You take 3 damage, and have 4/26 hp.
You closely miss the river rat.
The river rat is moderately wounded.
The river rat misses you.
The rat twitches its whiskers.
Unknown command.
You hit the river rat.
The river rat is severely wounded.
The river rat misses you.
You hit the river rat but do no damage.
The river rat is severely wounded.
The river rat barely misses you.
You hit the river rat.
The river rat is almost dead.
The river rat completely misses you.
Unknown command.
You barely miss the river rat.
The river rat is almost dead.
The river rat closely misses you.
You hit the river rat.
The river rat is almost dead.
The river rat bites you.
* * * LOW HITPOINT WARNING * * *
You take 2 damage, and have 2/26 hp.
You hit the river rat.
You kill the river rat!
You hit the rat but do no damage. The rat completely misses you. x2
You hit the rat.
You kill the rat!
Unknown command.
You closely miss the rat. The rat bites you.
You die...

≈≈≈≈≈...........≈≈≈≈≈≈≈≈≈≈≈#
..........r........≈≈≈≈≈≈≈≈#
..........................†#
..........rr..........(....(
#.......S.................#
##.......##...†...........#
#...##..#####.†....###..###
∩..# ##.r######...## #### ##
##rr@# ##### #####


You could see 3 rats.

Vanquished Creatures
  An adder (Sewer)
  2 river rats (Sewer)
  3 dart slugs
  3 orcs (D:3)
  5 ball pythons
  5 giant cockroaches
  3 hobgoblins
  2 jackals (D:1)
  2 quokkas
  5 bats
  4 frilled lizards
  3 goblins
  9 kobolds
  12 rats
59 creatures vanquished.

Vanquished Creatures (collateral kills)
  An adder (D:2)
  3 worms
  2 orcs (D:3)
  A ball python (D:2)
7 creatures vanquished.

Grand Total: 66 creatures vanquished

Notes
Turn   | Place    | Note
-------+----------+-------------------------------------------
     0 | D:1      | Monsterracer the Deep Elf Transmuter began the quest for the Orb.
     0 | D:1      | Reached XP level 1. HP: 11/11 MP: 6/6
    80 | D:1      | Reached skill level 1 in Fighting
    88 | D:1      | HP: 5/12 [hobgoblin (3)]
   396 | D:1      | HP: 6/12 [dart slug/slug dart (5)]
   398 | D:1      | Reached XP level 2. HP: 9/16 MP: 8/8
   402 | D:1      | Learned a level 2 spell: Sticks to Snakes
  1134 | D:1      | HP: 8/16 [jackal (2)]
  1492 | D:2      | HP: 4/16 [quokka (5)]
  1742 | D:2      | Reached XP level 3. HP: 20/20 MP: 9/9
  1762 | D:2      | HP: 9/20 [worm (7)]
  1767 | D:2      | HP: 4/20 [kobold/short sword (5)]
  1773 | D:2      | HP: 3/20 [frilled lizard (1)]
  2242 | D:2      | Found a bloodstained altar of Trog.
  2920 | D:3      | Found an ornate altar of the Wu Jian Council.
  3045 | D:3      | Found a shimmering altar of Xom.
  3132 | D:3      | Reached skill level 1 in Short Blades
  3167 | D:3      | HP: 8/21 [orc/enchanted short sword (6)]
  3174 | D:3      | HP: 5/21 [orc/enchanted short sword (2)]
  3458 | D:3      | Found a glowing drain.
  3465 | D:3      | Reached XP level 4. HP: 26/26 MP: 11/11
  3480 | Sewer    | Entered a sewer
  3719 | Sewer    | HP: 10/26 [river rat (8)]
  3722 | Sewer    | HP: 4/26 [river rat (3)]
  3728 | Sewer    | HP: 2/26 [river rat (2)]
  3732 | Sewer    | Slain by a rat

Skill      XL: |  1  2  3  4 |
---------------+-------------+-----
Fighting       | 1 2 |  2.0
Transmutations | 3 |  3.7
Short Blades   | 1 |  1.6
Dodging        | |  2.7
Unarmed Combat | |  2.4
Spellcasting   | |  3.3

Action                   |  1- 3 |  4- 6 || total
-------------------------+-------+-------++-------
Melee: Unarmed           |    18 |       ||    18
       Dagger            |   280 |       ||   280
       Kick              |     1 |       ||     1
       Short sword       |    14 |    58 ||    72
       Punch             |     1 |       ||     1
 Cast: Beastly Appendage |     2 |       ||     2
       Sticks to Snakes  |     5 |       ||     5
  Use: Scroll            |     4 |     1 ||     5
 Stab: Sleeping          |     3 |       ||     3
       Distracted        |     2 |       ||     2
  Eat: Chunk             |    10 |       ||    10
Armor: Robe              |    38 |     8 ||    46
Dodge: Dodged            |   190 |    66 ||   256

Vault maps used:
D:1:      dpeg_arrival_rhombus, kennysheep_boxes
D:2:      bloody_trog
D:3:      lemuel_round_altar, lemuel_coloured_pillars_altar,
          nicolae_overflow_hidden_temple, overflow_temple_1_default,
          first_ration, cheibrodos_sewer_entry_drain, tgw_xom
Sewer:    sewer_minmay_treatment
